Map: Persephone LE

Players

Cure

  • Race: Terran Terran
  • Spawn Location: 7:00

herO - Winner!

  • Race: Protoss Protoss
  • Spawn Location: 11:00

Event: Esports World Cup 2025

VOD

Have the link to the VOD?

Description

Time

  • Played on: July 23, 2025, 11:13 a.m.
  • Length: 11:59

All games in this series

Show
View Real Time Build Order
Export as new Build Order

Cure Terran 

Build Orders:  

Get SALT Encoding   

  12  0:00  SCV  
  13  0:12  SCV  
  14  0:16  Supply Depot  
  14  0:24  SCV  
  15  0:38  SCV  
  15  0:39  Barracks  
  16  0:43  Refinery  
  16  0:50  SCV  
  16  0:53  Refinery  
  17  1:02  SCV  
  18  1:14  SCV  
  19  1:26  Orbital Command, Reaper  
  20  1:42  Factory  
  20  1:45  Supply Depot  
  20  1:52  SCV  
  21  1:58  Reaper  
  22  2:04  SCV  
  23  2:17  SCV  
  23  2:20  Command Center  
  24  2:26  Hellion  
  24  2:29  SCV  
  27  2:32  Reaper  
  28  2:43  Supply Depot, SCV  
  29  2:48  Hellion  
  31  2:53  Starport  
  31  3:05  SCV  
  32  3:06  Barracks Reactor  
  32  3:09  Widow Mine  
  34  3:17  SCV  
  35  3:21  Barracks  
  35  3:29  SCV, Medivac  
  35  3:32  Widow Mine  
  40  3:35  Orbital Command  
  40  3:41  SCV  
  41  3:54  Marine  
  41  3:55  Marine, Factory Tech Lab  
  38  3:57  SCV  
  38  3:59  Bunker  
  38  4:05  SCV  
  38  4:06  Starport Tech Lab  
  38  4:08  Marine  
  38  4:09  SCV  
  41  4:12  Marine x2  
  41  4:14  Supply Depot  
  43  4:17  SCV  
  43  4:20  Siege Tank  
  43  4:21  SCV  
  44  4:29  SCV  
  44  4:30  Raven, Marine  
  44  4:31  Barracks Tech Lab  
  45  4:33  SCV  
  45  4:34  Bunker  
  46  4:41  SCV  
  46  4:42  Barracks  
  46  4:45  SCV  
  48  4:47  Marine  
  48  4:48  Marine  
  48  4:49  Marine  
  51  4:53  SCV, Siege Tank  
  51  4:57  Refinery, SCV  
  56  5:01  Supply Depot  
  56  5:05  Marine, SCV  
  56  5:06  Marine  
  59  5:07  Stimpack, Marine  
  59  5:09  SCV  
  59  5:12  Engineering Bay  
  61  5:17  SCV  
  62  5:23  Marine  
  62  5:24  Marine  
  62  5:25  Refinery, Supply Depot, Marine  
  65  5:33  SCV x2  
  65  5:35  Starport Reactor  
  67  5:37  Combat Shield  
  67  5:42  Supply Depot  
  67  5:43  Marauder, Marine  
  67  5:47  Marauder, SCV x2  
  67  5:49  Marine  
  74  5:54  Terran Infantry Weapons Level 1  
  75  5:59  SCV x2  
  75  6:02  Supply Depot  
  77  6:04  Factory Reactor, Supply Depot  
  77  6:05  Marine  
  77  6:06  Marauder  
  77  6:07  Marine  
  77  6:09  Marauder  
  83  6:11  SCV x2  
  85  6:19  Medivac x2  
  85  6:25  Marine x2  
  90  6:27  Marauder  
  90  6:30  Marauder  
  95  6:42  Command Center  
  95  6:44  Marine x2  
  95  6:46  Widow Mine  
  99  6:48  Widow Mine  
  99  6:49  Marauder  
  99  6:51  Marauder  
  107  6:56  Concussive Shells  
  107  7:02  Medivac  
  107  7:03  Medivac  
  107  7:06  Supply Depot  
  107  7:08  Barracks  
  109  7:11  Barracks  
  109  7:13  Marine  
  110  7:19  Supply Depot  
  110  7:27  Marine  
  110  7:28  Marauder x2, SCV x2  
  117  7:30  Marine  
  118  7:40  SCV x2  
  118  7:41  Medivac, Widow Mine x2  
  118  7:43  Medivac  
  126  7:49  Terran Infantry Armor Level 1  
  126  7:50  Supply Depot  
  126  7:52  Marine  
  126  7:53  Marine  
  126  7:54  Marauder x2  
  117  8:05  Marine x2  
  110  8:10  Marine x2  
  110  8:11  Viking, Widow Mine  
  106  8:15  Marine x2  
  101  8:23  Marine x2  
  99  8:28  Marine x2  
  99  8:29  Orbital Command  
  99  8:32  Widow Mine  
  99  8:33  Marine  
  94  8:40  Marine x2  
  77  8:50  Marine x3  
  77  8:51  Marine  
  79  8:55  Medivac  
  79  8:58  Marine x2  
  82  9:03  Medivac  
  82  9:06  Widow Mine  
  85  9:12  SCV  
  85  9:13  SCV x2  
  85  9:15  Marine  
  85  9:19  Marine x4  
  85  9:21  Marauder  
  88  9:25  SCV  
  88  9:26  SCV x2  
  88  9:30  Medivac  
  89  9:31  Widow Mine  
  89  9:33  Marine  
  89  9:37  Marine x2, SCV  
  95  9:38  SCV  
  95  9:39  SCV  
  95  9:42  Marauder  
  95  9:44  Barracks Tech Lab x2  
  97  9:49  SCV  
  97  9:50  Marine, SCV  
  97  9:51  SCV  
  103  9:53  Widow Mine  
  103  9:54  Marine x2  
  103  9:55  Refinery  
  105  10:01  SCV  
  105  10:02  Marauder  
  105  10:03  Marauder, SCV x2  
  105  10:04  Marauder  
  114  10:08  Marine  
  114  10:12  Marine x2  
  117  10:15  SCV x2  
  117  10:16  SCV  
  118  10:24  Marauder x2  
  118  10:25  Marauder  
  118  10:26  Marine  
  120  10:30  Marine x2  
  120  10:33  Liberator  
  120  10:34  Widow Mine  
  123  10:38  SCV  
  123  10:39  SCV  
  126  10:44  Marine  
  126  10:45  Marauder  
  126  10:46  Marauder, Marine  
  126  10:48  Marine x2  
  125  10:55  Widow Mine  
  98  10:57  Orbital Command  
  98  11:00  Orbital Command  
  98  11:02  Marine  
  89  11:04  Marauder  
  89  11:06  Marine x3, Liberator  
  89  11:07  Marauder  
  91  11:15  Liberator  
  72  11:19  Marine  
  72  11:23  Marine x2  
  72  11:24  Marauder  
  66  11:26  Marauder, Widow Mine  
  66  11:28  Marine  
  63  11:37  Marine  
Show
View Real Time Build Order
Export as new Build Order

herO Protoss - Winner!

Build Orders: 1 Gate Expand, Phoenix Opening, Blink Stalkers, Chargelot Immortal 

Get SALT Encoding   

  12  0:00  Probe  
  13  0:12  Probe  
  14  0:18  Pylon  
  14  0:23  Probe  
  15  0:32  Probe  
  15  0:39  Gateway  
  15  0:40  Probe  
  16  0:48  Assimilator  
  17  0:52  Probe  
  18  1:04  Probe  
  19  1:16  Probe  
  20  1:24  Nexus  
  20  1:33  Cybernetics Core  
  20  1:36  Probe  
  21  1:42  Assimilator  
  21  1:48  Probe  
  21  1:52  Pylon  
  22  1:58  Stalker  
  22  2:00  Probe  
  23  2:10  Warp Gate  
  23  2:12  Probe  
  26  2:18  Shield Battery  
  26  2:24  Probe  
  26  2:25  Phoenix  
  26  2:27  Sentry  
  29  2:35  Probe  
  29  2:37  Probe  
  30  2:43  Probe  
  29  2:45  Twilight Council  
  29  2:49  Probe, Stalker  
  31  2:51  Probe  
  34  3:01  Probe  
  34  3:03  Probe  
  36  3:13  Gateway  
  36  3:14  Probe  
  36  3:15  Probe  
  36  3:16  Stalker  
  40  3:24  Blink  
  40  3:25  Pylon  
  40  3:28  Probe x2  
  42  3:40  Probe x2  
  38  3:57  Probe  
  38  3:58  Probe  
  38  4:02  Robotics Facility  
  40  4:07  Gateway  
  40  4:08  Probe x2  
  41  4:10  Stalker  
  41  4:11  Stalker  
  41  4:16  Probe x2  
  48  4:24  Probe x2  
  49  4:36  Probe x2  
  51  4:40  Nexus  
  51  4:44  Pylon  
  51  4:48  Probe x2  
  51  4:49  Observer  
  54  4:56  Pylon  
  54  5:02  Probe x2  
  54  5:05  Stalker  
  54  5:06  Observer  
  59  5:14  Probe x2  
  59  5:16  Gateway x2  
  59  5:21  Shield Battery  
  61  5:24  Observer  
  61  5:25  Charge  
  61  5:26  Gateway  
  61  5:27  Probe x2  
  64  5:36  Gateway  
  64  5:38  Gateway  
  64  5:40  Probe x2  
  66  5:46  Stalker  
  66  5:47  Stalker  
  70  5:54  Stalker  
  72  5:57  Immortal  
  72  6:00  Observer  
  72  6:01  Pylon  
  72  6:03  Observer  
  72  6:08  Probe  
  72  6:09  Probe x2  
  79  6:12  Pylon  
  79  6:14  Pylon  
  79  6:17  Zealot x2  
  83  6:22  Zealot x3  
  89  6:25  Pylon  
  89  6:26  Observer, Probe, Warp Prism  
  89  6:39  Sentry  
  93  6:41  Zealot x4  
  93  6:45  Zealot x2  
  105  6:47  Pylon  
  105  6:53  Immortal  
  105  6:59  Zealot  
  107  7:07  Zealot  
  107  7:08  Zealot x4  
  121  7:10  Zealot x2  
  125  7:24  Observer  
  125  7:32  Pylon, Nexus  
  125  7:33  Pylon x2  
  125  7:51  Zealot x5  
  125  7:52  Zealot x3  
  125  7:56  Immortal  
  115  8:13  Zealot x8  
  121  8:26  Immortal  
  113  8:31  Probe x3  
  114  8:34  Zealot x8  
  116  8:43  Probe x3  
  99  8:52  Forge  
  99  8:53  Forge  
  99  8:55  Probe  
  100  8:56  Sentry x3, Zealot  
  100  8:57  Zealot x4  
  100  9:00  Protoss Ground Armor Level 1  
  100  9:01  Probe x3  
  119  9:03  Protoss Ground Weapons Level 1  
  119  9:07  Immortal, Probe  
  118  9:20  Zealot x5  
  128  9:24  Observer  
  122  9:33  Nexus  
  122  9:35  Pylon  
  122  9:40  Immortal  
  122  9:46  Stalker  
  128  9:53  Pylon, Zealot x7  
  142  10:04  Gateway  
  142  10:10  Gateway  
  142  10:12  Gateway  
  140  10:17  Zealot x2  
  140  10:18  Zealot x6  
  155  10:25  Immortal  
  147  10:35  Photon Cannon  
  147  10:36  Shield Battery  
  147  10:42  Zealot x8  
  133  11:01  Zealot  
  133  11:02  Zealot x8  
  137  11:04  Immortal  
  107  11:24  Zealot x9  
  107  11:25  Zealot x2  
  107  11:45  Zealot x11  
Tags
 
Add a new tag
Caveats
  • Supply blocks, unpowered buildings, or Contaminate may cause inaccurate times.
  • Supply counts are checked every 10 seconds.